cohdb
Replays
Latest Replays
All Replays
Popular Replays
Top Player Replays
Match Explorer
How It Works
Community
CoH3 Stats
Reddit
Sign in to upload your games and track your stats! →
Sign in with Steam
Match 43090155
Unlisted
Match 43090155
Overview
Messages
Build Orders
End
250 Light Carrier
Selects Italian Infantry
Selects Italian Infantry
Selects Italian Infantry
Panzergrenadier Squad
Panzergrenadier Squad
Panzergrenadier Squad
Construct Light Support Kompanie
Combat Half-tracks
MG34 Team
Selects Defensive Operations
Panzerjäger Mechanized Group
2.5-tonne Medical Truck
Construct Mechanized Kompanie
Selects Guastatori Squad
Selects L6/40 Light Tank Combat Group
Support Armor Elements
Marder III Tank Destroyer
Panzerjäger Mechanized Group
Marder III Tank Destroyer
Marder III Tank Destroyer
Tungsten Core Ammunition
Selects Prepared Positions
Selects Towed Cannone da 105/28 Field Howitzer
Towed Cannone da 105/28 Field Howitzer
Pak 38 Mechanized Group
MelonZbz
juniorbokka
耶梦加得
Dduck silsin
正在孵化你的脑子
matrix4x4
Eermel
akkhs2lee
0
0
Comments
sign in to comment!
No comments posted yet!